 Dungeon Crawl Stone Soup version 0.19-b1-3-g7dea586 (webtiles) character file.

1092 Mesmaeker13 the Conjurer (level 8, -3/54 HPs)
             Began as a High Elf Conjurer on Oct 28, 2016.
             Killed from afar by Nicoed's ghost (22 damage)
             ... with an orb of energy
             ... on level 6 of the Dungeon.
             The game lasted 00:18:51 (6128 turns).

Mesmaeker13 the Conjurer (High Elf Conjurer)        Turns: 6128, Time: 00:18:52

Health: -3/54      AC:  5    Str:  7    XL:     8   Next: 9%
Magic:  8/18       EV: 19    Int: 21    God:
Gold:   315        SH:  4    Dex: 21    Spells: 3 memorised, 12 levels left

rFire  + . .     SeeInvis .     y - +1 dagger (venom)
rCold  . . .     Gourm    .     a - +0 robe
rNeg   . . .     Faith    .     (no shield)
rPois  .         Spirit   .     (no helmet)
rElec  .         Reflect  +     (no cloak)
rCorr  .         Harm     .     (no gloves)
MR     +....                    q - +2 pair of boots
Stlth  +++.......               i - +4 amulet of reflection
                                x - ring of protection from magic
                                n - ring of protection from fire

@: agile
A: no striking features
a: no special abilities


You were on level 6 of the Dungeon.
You were not hungry.

You visited 1 branch of the dungeon, and saw 6 of its levels.
You also visited: Ossuary.

You collected 315 gold pieces.

Inventory:

Hand Weapons
 y - a +1 dagger of venom (weapon)
Armour
 a - a +0 robe (worn)
 j - a +0 shield
 q - a +2 pair of boots (worn)
 D - a cursed +0 scale mail
Jewellery
 i - a +4 amulet of reflection (around neck)
 n - a ring of protection from fire (left hand)
 x - a ring of protection from magic (right hand)
Wands
 A - a wand of disintegration (18/24)
 C - a wand of iceblast (8/15)
Scrolls
 d - 4 scrolls of remove curse
 k - 2 scrolls of immolation {unknown}
 m - 2 scrolls of teleportation {unknown}
 o - a scroll of identify {unknown}
 r - 2 scrolls of recharging {unknown}
 t - 2 scrolls of enchant armour {unknown}
 u - a scroll of blinking {unknown}
 v - a scroll of amnesia {unknown}
 w - a scroll of magic mapping
Potions
 e - 2 potions of brilliance {unknown}
 h - a potion of heal wounds {unknown}
 l - a potion of lignification {unknown}
 p - a potion of flight
 s - a potion of berserk rage {unknown}
Books
 b - a book of Conjurations

   Spells                             Type                      Level
   a - Magic Dart                     Conjuration                  1
   b - Searing Ray                    Conjuration                  2
   c - Dazzling Spray                 Conjuration/Hexes            3
   d - Fulminant Prism                Conjuration/Hexes            4
   e - Iskenderun's Mystic Blast      Conjuration                  4
   f - Iskenderun's Battlesphere      Conjuration/Charms           5
Comestibles
 c - 5 bread rations
 f - a royal jelly
 g - 3 meat rations
 B - a chunk of flesh


   Skills:
 + Level 4.6 Fighting
 + Level 3.5 Dodging
 - Level 2.1 Stealth
 - Level 6.0 Spellcasting
 + Level 7.8 Conjurations


You had 12 spell levels left.
You knew the following spells:

 Your Spells              Type           Power        Failure   Level  Hunger
a - Magic Dart            Conj           ####         1%          1    None
b - Searing Ray           Conj           #####.       1%          2    None
c - Iskenderun's Mystic   Conj           #####...     4%          4    ####...


Dungeon Overview and Level Annotations

Branches:
Dungeon (6/15)
 Temple: D:4-7

Altars:
Kikubaaqudgha
Makhleb
Nemelex Xobeh
Qazlal

Annotations:
D:5 Dowan
D:6 Nicoed's ghost, novice DECj


Message History

This raw flesh tastes terrible.
You now have 315 gold pieces (gained 13).
Found 22 arrows.
C - a wand of iceblast You see here a shiny scale mail.
You see here a shiny scale mail.
D - a shiny scale mail Nicoed's ghost (novice Deep Elf Conjurer) comes into view.
Nicoed's ghost turns its malevolent gaze towards you.
Nicoed's ghost casts a spell at you. The orb of energy hits you!
The orb of energy explodes!
Okay, then.
You feel agile all of a sudden. Nicoed's ghost casts a spell at you.
The orb of energy misses you.
The orb of energy explodes!
You hear an angry hiss.
Nicoed's ghost mispronounces a nearly unspeakable incantation.
Nicoed's ghost points at you and mumbles some strange words.
The orb of energy hits you!
You die...

#.......# #
#.......##.
#..........
#.......##.
#.......#
#.W.....#
#.......#
#....<..#
##@#.####
#.#.# #.#.#
#.... ##.##
#.# #.# .#


You could see Nicoed's ghost.

Vanquished Creatures
  Duvessa (D:5)
  An ice beast (D:4)
  The ghost of p0werm0de the Skirmisher, an amateur DsWr (D:3)
  3 scorpions (D:5)
  A crimson imp (D:5)
  A hound (D:5)
  4 orc priests
  A bullfrog skeleton (D:4)
  A human zombie (Ossuary)
  2 orc wizards
  2 worker ants
  A killer bee zombie (D:5)
  A big kobold zombie (Ossuary)
  3 mummies (Ossuary)
  11 adders
  4 adder zombies (Ossuary)
  5 worms
  A dart slug (D:2)
  5 leopard geckos
  11 orcs
  A ball python (D:3)
  2 giant cockroaches
  A gnoll zombie (Ossuary)
  3 goblins
  4 hobgoblins
  13 jackals
  3 quokkas
  18 bats
  2 frilled lizards
  A goblin zombie (Ossuary)
  3 hobgoblin zombies (Ossuary)
  7 kobolds
  3 kobold zombies (Ossuary)
  An orc zombie (Ossuary)
  2 quokka zombies (Ossuary)
  11 rats
  A rat zombie (Ossuary)
136 creatures vanquished.

Vanquished Creatures (others)
  6 fungi (D:5)
6 creatures vanquished.

Grand Total: 142 creatures vanquished

Notes
Turn   | Place    | Note
-------+----------+-------------------------------------------
     0 | D:1      | Mesmaeker13 the High Elf Conjurer began the quest for the Orb.
     0 | D:1      | Reached XP level 1. HP: 11/11 MP: 4/4
   722 | D:1      | Reached XP level 2. HP: 17/17 MP: 2/6
  1344 | D:1      | Reached skill level 5 in Conjurations
  1479 | D:2      | Reached XP level 3. HP: 20/21 MP: 5/8
  2408 | D:2      | Found a stormy altar of Qazlal.
  2619 | D:3      | Reached XP level 4. HP: 23/27 MP: 7/10
  2621 | D:3      | Noticed p0werm0de's ghost (amateur DsWr)
  2840 | D:3      | Learned a level 2 spell: Searing Ray
  3180 | D:4      | Reached XP level 5. HP: 26/32 MP: 8/12
  3296 | D:3      | HP: 1/32 [orc priest/divine providence (12)]
  3297 | D:3      | Reached skill level 1 in Fighting
  3387 | D:3      | Reached skill level 6 in Conjurations
  3602 | D:4      | Found a sparkling altar of Nemelex Xobeh.
  3602 | D:4      | Found an ancient bone altar of Kikubaaqudgha.
  3654 | D:4      | Noticed an ice beast
  3664 | D:4      | Killed an ice beast
  3664 | D:4      | Reached skill level 5 in Spellcasting
  3664 | D:4      | Reached XP level 6. HP: 41/41 MP: 5/14
  3825 | D:3      | Found a stormy altar of Qazlal.
  3902 | D:4      | Found a sparkling altar of Nemelex Xobeh.
  4297 | D:3      | Learned a level 4 spell: Iskenderun's Mystic Blast
  4622 | D:3      | Killed p0werm0de's ghost
  4622 | D:3      | Reached XP level 7. HP: 41/46 MP: 1/16
  4780 | D:5      | Entered Level 5 of the Dungeon
  4804 | D:5      | Reached skill level 7 in Conjurations
  4977 | D:5      | Found a burning altar of Makhleb.
  4977 | D:5      | Noticed a cacodemon
  5065 | D:5      | Found a sand-covered staircase.
  5074 | Ossuary  | Entered an ossuary
  6014 | D:5      | Noticed Duvessa
  6014 | D:5      | Noticed Dowan
  6032 | D:5      | Killed Duvessa
  6032 | D:5      | Reached XP level 8. HP: 43/54 MP: 1/18
  6120 | D:6      | Noticed Nicoed's ghost (novice DECj)
  6128 | D:6      | Killed from afar by Nicoed's ghost

Skill      XL: |  1  2  3  4  5  6  7 |
---------------+----------------------+-----
Spellcasting   | 3 4 5 6 |  6.0
Conjurations   | 5 6 7 |  7.8
Fighting       | 2 3 4 |  4.6
Dodging        | 3 |  3.5
Stealth        | |  2.1

Action                   |  1- 3 |  4- 6 |  7- 9 || total
-------------------------+-------+-------+-------++-------
Melee: Unarmed           |     1 |       |       ||     1
       Dagger            |    43 |    49 |    97 ||   189
 Cast: Magic Dart        |    75 |    63 |    48 ||   186
       Searing Ray       |       |    24 |    11 ||    35
       Iskenderun's Myst |       |       |     5 ||     5
  Use: Scroll            |     2 |     1 |     1 ||     4
       Potion            |       |     3 |     4 ||     7
 Stab: Sleeping          |     1 |     3 |     3 ||     7
  Eat: Chunk             |     5 |     6 |     3 ||    14
       Pizza             |       |       |     1 ||     1
       Beef jerky        |       |       |     1 ||     1
Armor: Robe              |    15 |    27 |    27 ||    69
Dodge: Dodged            |    36 |    52 |    83 ||   171
Block: Other             |       |       |    21 ||    21
